Map: Lost and Found LE

Players

zega

  • Race: Zerg Zerg
  • League: Platinum
  • Spawn Location: 7:00

Cliggity - Winner!

  • Race: Protoss Protoss
  • League: Gold
  • Spawn Location: 1:00

VOD

Have the link to the VOD?

Description

Weather is a bit frightening for sailing

Time

  • Played on: Oct. 17, 2018, 8:33 p.m.
  • Length: 20:32
Show
View Real Time Build Order
Export as new Build Order

zega Zerg 

Build Orders: Hatch First 

Get SALT Encoding   

  12  0:01  Drone  
  13  0:12  Overlord  
  13  0:18  Drone  
  14  0:31  Drone x2  
  14  0:35  Drone  
  17  0:56  Hatchery, Drone  
  17  1:01  Extractor  
  17  1:02  Drone  
  17  1:09  Drone  
  18  1:19  Spawning Pool  
  18  1:22  Drone  
  18  1:37  Drone  
  18  1:39  Drone  
  20  1:50  Drone  
  21  2:00  Overlord  
  21  2:10  Queen x2  
  21  2:14  Drone x2  
  27  2:21  Drone  
  28  2:31  Drone  
  28  2:32  Drone  
  28  2:36  Overlord  
  30  2:41  Drone  
  31  2:46  Queen x2  
  31  2:50  Drone  
  36  2:59  Drone  
  36  3:03  Drone  
  36  3:04  Drone  
  39  3:12  Roach Warren  
  38  3:13  Drone  
  38  3:14  Drone  
  38  3:15  Evolution Chamber  
  39  3:20  Extractor  
  39  3:25  Extractor  
  29  3:44  Drone  
  29  3:45  Drone x4  
  32  3:59  Drone x5  
  32  4:00  Drone x2  
  39  4:03  Lair  
  39  4:04  Metabolic Boost  
  39  4:07  Zergling x2  
  40  4:16  Drone x2  
  42  4:21  Overlord x2  
  42  4:22  Overlord x2  
  42  5:01  Zerg Missile Weapons Level 1  
  42  5:09  Hydralisk Den  
  42  5:12  Drone x3  
  42  5:13  Drone x2  
  42  5:14  Drone  
  47  5:15  Roach  
  47  5:16  Roach  
  47  5:18  Roach  
  47  5:19  Zergling x6  
  55  5:47  Roach x6  
  67  5:50  Overlord  
  67  5:51  Overlord x2  
  67  5:57  Grooved Spines  
  67  6:21  Glial Reconstitution  
  67  6:23  Hydralisk  
  67  6:24  Hydralisk  
  67  6:25  Zergling x2  
  72  6:26  Zergling x10  
  77  6:32  Baneling Nest  
  77  6:36  Extractor  
  77  6:37  Roach x2  
  79  7:05  Roach x2  
  79  7:06  Roach x6  
  85  7:17  Queen  
  85  7:20  Hydralisk x2  
  91  7:26  Drone  
  92  7:47  Hatchery  
  92  7:50  Overlord x4  
  91  7:56  Hatchery, Queen  
  92  7:59  Overseer  
  92  8:29  Muscular Augments  
  92  8:32  Queen  
  93  8:46  Hydralisk x10  
  113  9:07  Drone x2  
  113  9:08  Drone x4  
  119  9:29  Drone x7  
  119  9:30  Drone x4  
  130  9:38  Spire  
  129  9:39  Drone x4  
  129  9:40  Drone x2  
  129  9:43  Extractor, Overlord x3  
  129  9:44  Extractor  
  133  10:10  Hydralisk x2  
  133  10:11  Hydralisk x7  
  149  10:29  Drone  
  150  10:47  Zerg Missile Weapons Level 2  
  150  10:53  Zerg Flyer Weapons Level 1  
  150  10:54  Infestation Pit, Overlord  
  150  10:55  Overlord x7  
  149  10:57  Overseer x2  
  149  11:00  Pneumatized Carapace  
  149  11:02  Burrow  
  149  11:03  Drone x3  
  152  11:05  Drone x2  
  154  11:29  Hatchery  
  153  11:59  Zergling x18  
  153  12:00  Zergling x18  
  171  12:01  Centrifical Hooks  
  171  12:13  Pathogen Glands  
  171  12:21  Baneling x7  
  171  12:22  Baneling x28  
  171  12:23  Baneling x2  
  171  12:25  Mutalisk  
  173  12:30  Zergling x14  
  173  12:31  Zergling x8  
  184  13:03  Zerg Ground Armor Level 1  
  184  13:04  Mutalisk  
  184  13:05  Mutalisk x6  
  198  13:45  Hive  
  198  13:56  Extractor  
  198  13:57  Extractor  
  190  15:59  Overseer  
  81  17:31  Hydralisk x5  
  81  17:32  Hydralisk x31  
  81  17:33  Hydralisk x2  
  139  17:50  Zerg Ground Armor Level 2  
  137  18:01  Drone x2  
  115  18:25  Drone x2  
  116  18:33  Roach x13  
  76  19:36  Hydralisk  
  76  19:37  Hydralisk x14  
  77  20:04  Hatchery  
Show
View Real Time Build Order
Export as new Build Order

Cliggity Protoss - Winner!

Build Orders:  

Get SALT Encoding   

  12  0:01  Probe  
  13  0:19  Pylon  
  13  0:21  Probe  
  14  0:31  Probe  
  15  0:40  Probe  
  15  0:44  Gateway  
  15  0:48  Probe  
  16  0:52  Assimilator  
  17  1:00  Probe  
  18  1:12  Probe  
  19  1:18  Gateway  
  19  1:24  Probe  
  20  1:36  Probe  
  21  1:40  Cybernetics Core  
  21  1:44  Probe, Pylon  
  21  1:47  Assimilator  
  21  1:52  Probe  
  23  2:02  Probe  
  23  2:08  Adept  
  24  2:14  Probe  
  25  2:17  Adept  
  25  2:18  Warp Gate  
  29  2:33  Nexus  
  29  2:36  Sentry  
  31  2:44  Pylon  
  31  3:02  Probe  
  32  3:07  Pylon  
  32  3:14  Probe  
  32  3:16  Robotics Facility  
  33  3:26  Probe  
  34  3:45  Probe x2  
  32  3:53  Probe x2  
  32  3:54  Stalker  
  34  4:00  Gateway  
  34  4:01  Probe  
  34  4:02  Probe  
  36  4:05  Observer  
  36  4:09  Probe  
  39  4:10  Pylon  
  39  4:13  Pylon  
  39  4:14  Probe  
  41  4:18  Probe  
  42  4:24  Gateway  
  42  4:26  Assimilator  
  42  4:29  Assimilator  
  42  4:31  Warp Prism  
  42  4:34  Stalker  
  46  4:54  Gateway, Probe x2  
  46  4:58  Gateway  
  48  5:00  Pylon  
  48  5:02  Pylon  
  48  5:06  Probe, Zealot  
  51  5:07  Zealot  
  53  5:26  Observer  
  53  5:30  Gateway  
  53  5:32  Gateway, Immortal  
  57  5:36  Probe x2  
  57  5:40  Twilight Council  
  59  5:44  Probe x2, Pylon  
  61  5:57  Zealot x4  
  69  6:05  Probe x2  
  71  6:13  Charge  
  71  6:17  Probe  
  72  6:25  Immortal  
  76  6:32  Nexus  
  76  6:50  Zealot x4  
  76  6:51  Zealot x4  
  68  7:16  Probe x2  
  70  7:28  Probe x2, Templar Archives, Immortal  
  76  7:40  Probe x2  
  78  7:45  Forge  
  78  7:47  Forge  
  78  7:50  Robotics Bay  
  78  7:52  Pylon  
  78  7:55  Pylon  
  78  8:03  Zealot x4  
  86  8:06  Protoss Ground Weapons Level 1  
  86  8:07  Protoss Ground Armor Level 1  
  86  8:13  Zealot x3  
  86  8:19  Psionic Storm  
  92  8:24  Warp Prism  
  84  8:29  High Templar x5  
  88  8:40  Probe x3  
  88  8:45  Observer  
  88  8:48  Probe x3  
  94  8:57  High Templar x2  
  94  8:58  High Templar  
  94  9:00  Disruptor  
  94  9:02  Pylon  
  103  9:04  Pylon  
  103  9:15  Probe x2  
  103  9:16  Probe  
  106  9:18  Assimilator  
  106  9:23  Assimilator  
  106  9:24  Gravitic Drive  
  106  9:27  Probe  
  106  9:28  Probe  
  106  9:31  Zealot x3  
  114  9:57  Zealot x2  
  114  9:58  Zealot x6  
  130  10:18  Protoss Ground Weapons Level 2  
  130  10:26  Nexus  
  130  10:27  Protoss Ground Armor Level 2  
  128  10:32  Pylon  
  122  10:36  Pylon  
  122  10:40  Pylon x2  
  122  10:50  Immortal  
  126  10:58  Nexus  
  126  11:02  High Templar x7  
  140  11:19  Observer  
  140  11:28  Pylon  
  140  11:30  Observer  
  140  11:31  Pylon  
  141  11:48  Assimilator  
  141  11:52  Probe x3  
  141  11:53  Assimilator  
  143  11:56  Zealot x7  
  143  11:57  Zealot  
  159  12:02  Pylon  
  159  12:04  Pylon  
  159  12:06  Pylon  
  159  12:17  Zealot x5  
  159  12:18  Zealot x3  
  159  12:20  Protoss Ground Weapons Level 3  
  175  12:37  Stalker  
  175  12:38  Stalker x5  
  187  13:10  Probe x4, Stargate  
  187  13:12  Stargate  
  191  13:22  Probe  
  191  13:23  Observer  
  191  13:25  High Templar x4  
  200  13:29  Archon x2  
  200  13:47  Observer Gravitic Boosters  
  200  13:57  Fleet Beacon  
  200  14:01  Protoss Air Weapons Level 1  
  194  14:16  Stalker x3  
  191  14:31  Zealot x2  
  191  14:32  Zealot x2  
  199  14:58  Protoss Ground Armor Level 3  
  190  15:13  Shield Battery  
  188  15:17  Shield Battery  
  185  15:23  Graviton Catapult  
  185  15:49  Warp Prism  
  187  15:52  Carrier x2  
  161  16:31  Zealot x6  
  171  16:51  Probe x3  
  162  16:56  Mothership  
  162  16:58  Zealot x8  
  178  17:08  Carrier x2  
  167  17:29  Archon  
  144  17:30  Archon  
  144  17:31  Stalker x8  
  144  17:35  Nexus  
  158  17:37  Assimilator  
  158  17:42  Assimilator  
  158  17:57  Zealot  
  158  17:58  Zealot x7  
  138  18:28  Carrier x2  
  138  18:45  Zealot x8  
  152  19:07  Zealot  
  152  19:08  Zealot x7  
  144  19:53  Zealot x4  
  144  19:54  Zealot x4  
  144  19:55  Probe  
  144  19:56  Probe x2  
  144  19:58  Probe  
  162  20:08  Probe  
  162  20:10  Probe  
Tags
 
Add a new tag
Caveats
  • Supply blocks, unpowered buildings, or Contaminate may cause inaccurate times.
  • Supply counts are checked every 10 seconds.